 Dungeon Crawl Stone Soup version 0.27-a0-1200-g94dc6ad (webtiles) character file.

Game seed: 7760201235443741789

778261 Meow the Sorcerer (level 27, -1/285 HPs)
             Began as a Naga Venom Mage on June 1, 2021.
             Was an Elder of Zin.
             Slain by a reaper
             ... wielding a +3 scythe of venom
              (13 damage)
             ... in Pandemonium.
             The game lasted 06:07:16 (81275 turns).

Meow the Sorcerer (Naga Venom Mage)                Turns: 81275, Time: 06:07:17

Health: -1/285     AC: 30    Str: 17    XL:     27
Magic:  9/53       EV: 10    Int: 36    God:    Zin [****..]
Gold:   8865       SH: 15    Dex:  8    Spells: 24/79 levels left

rFire    + + +     SeeInvis +   a - +9 broad axe (flame)
rCold    + . .     Faith    .   Z - +5 kite shield {reflect}
rNeg     + . .     Spirit   .   r - +2 robe of Subjectivity {rN+ Int+4}
rPois    +         Reflect  +   t - +3 hat of Pondering {ponderous, Will+ MP+10 Int+5}
rElec    +         Harm     .   R - +2 cloak "Geanen" {rF+ Int+3 Stlth+}
rCorr    +         Rampage  .   f - +3 pair of gauntlets of War {Slay+5}
Will     ++++.                  H - +0 barding {Stlth+}
Stlth    ++++......             x - amulet "Arpheres" {rElec Regen+ rCorr}
HPRegen  0.00/turn              M - ring of Mianiwir {Drain rElec rF+ AC+4}
MPRegen  0.33/turn              S - ring of Altruism {rElec rF+ rC+ Str+6}

@: lethally poisoned (-1 -> -9), unable to read, mildly diseased, studying 3
skills, very slow
A: AC +9, large, see invisible, deformed body, poison resistance, slowness 2,
spit poison 1, naga tail 2, claws 1, clumsy 2, deterioration 1, dopey 2, low mp
2, screaming 1, inhibited regeneration, no potion heal 1, subdued magic 2,
inability to read while threatened
}: 5/15 runes: decaying, serpentine, silver, abyssal, demonic
a: Spit Poison, Renounce Religion, Recite, Vitalisation, Imprison, Donate Gold


You were in Pandemonium.
You worshipped Zin.
Zin was greatly pleased with you.
You visited 12 branches of the dungeon, and saw 51 of its levels.
You visited Pandemonium 2 times, and saw 8 of its levels.
You visited the Abyss 2 times.
You visited 1 bazaar.
You also visited: Ossuary and Volcano.

You collected 40121 gold pieces.
You spent 9671 gold pieces at shops.
You donated 134 gold pieces to Zin.
You paid 21451 gold pieces to Gozag.

Inventory:

Hand Weapons
 a - a +9 broad axe of flaming (weapon)
Missiles
 e - 1421 bolts
 h - 1666 stones (quivered)
 G - 6 curare-tipped darts
 V - 6 throwing nets
Armour
 f - the +3 pair of gauntlets of War (worn) {Slay+5}
   (You bought it in a shop on level 1 of the Lair of Beasts)

   It affects your accuracy and damage with ranged weapons and melee attacks
   (+5).
 r - the +2 robe of Subjectivity (worn) {rN+ Int+4}
   (You bought it in a shop on level 15 of the Dungeon)

   It affects your intelligence (+4).
   It protects you from negative energy.
 t - the +3 hat of Pondering (worn) {ponderous, Will+ MP+10 Int+5}
   (You bought it in a shop on level 1 of the Lair of Beasts)

   It affects your intelligence (+5).
   It affects your magic capacity (+10).
   It increases your willpower.
 H - a +0 barding of stealth (worn)
 R - the +2 cloak "Geanen" (worn) {rF+ Int+3 Stlth+}
   (You bought it in a shop on level 13 of the Dungeon)

   It affects your intelligence (+3).
   It protects you from fire.
   It makes you more stealthy.
 U - the +10 Black Knight's barding {ponderous, rPois rN+}
   (You bought it in a shop on level 1 of the Lair of Beasts)

   It protects you from poison.
   It protects you from negative energy.
   Zin disapproves of the use of such an item.
 Z - a +5 kite shield of reflection (worn)
Jewellery
 b - a ring of protection from fire
 x - the amulet "Arpheres" (around neck) {rElec Regen+ rCorr}
   (You found it on level 6 of the Dungeon)

   [amulet of regeneration]

   It insulates you from electricity.
   It increases your rate of health regeneration.
   It protects you from acid and corrosion.
 M - the ring of Mianiwir (left hand) {Drain rElec rF+ AC+4}
   (You bought it in a shop on level 1 of the Lair of Beasts)

   [ring of protection]

   It affects your AC (+4).
   It protects you from fire.
   It insulates you from electricity.
   It drains your maximum health when unequipped.
 S - the ring of Altruism (right hand) {rElec rF+ rC+ Str+6}
   (You acquired it on level 1 of the Orcish Mines)

   [ring of strength]

   It affects your strength (+6).
   It protects you from fire.
   It protects you from cold.
   It insulates you from electricity.
Wands
 k - a wand of iceblast (97)
 w - a wand of acid (20)
 K - a wand of digging (11)
Scrolls
 c - 28 scrolls of teleportation
 i - a scroll of brand weapon
 m - 7 scrolls of amnesia
 o - 8 scrolls of enchant weapon
 p - a scroll of acquirement
 u - 4 scrolls of blinking
 z - 3 scrolls of fog
 B - 24 scrolls of identify
 C - 5 scrolls of magic mapping
 D - 2 scrolls of enchant armour
 P - 5 scrolls of fear
 Q - 3 scrolls of holy word
Potions
 d - 5 potions of invisibility
 g - a potion of cancellation
 l - 7 potions of flight
 n - 7 potions of brilliance
 q - 17 potions of curing
 v - 4 potions of ambrosia
 A - 8 potions of mutation
 E - 12 potions of haste
 F - 9 potions of might
 I - 5 potions of berserk rage
 N - a potion of magic
 O - 6 potions of lignification
 Y - 2 potions of resistance
Miscellaneous
 s - a box of beasts
 y - a phantom mirror (inert)
 J - a condenser vane
 X - a lightning rod (4/4)


   Skills:
 + Level 24.3 Fighting
 - Level 18.0 Axes
 - Level 12.0 Dodging
 - Level 3.0 Stealth
 - Level 9.0 Shields
 + Level 26.9 Spellcasting
 - Level 15.0 Conjurations
 - Level 1.0 Transmutations
 - Level 23.0 Earth Magic
 - Level 4.0 Poison Magic


You had 24 spell levels left.
You knew the following spells:

 Your Spells              Type           Power      Damage    Failure   Level
a - Sting                 Tmut/Pois      100%       1d8       1%          1
b - Ozocubu's Armour      Ice            30%        N/A       1%          3
c - Mephitic Cloud        Conj/Pois/Air  56%        N/A       1%          3
f - Frozen Ramparts       Ice            60%        1d8       1%          3
g - Orb of Destruction    Conj           39%        9d13      1%          7
t - Statue Form           Tmut/Erth      47%        N/A       1%          6
B - Iskenderun's Battles  Conj           78%        2d13      0%          5
C - Ignite Poison         Fire/Tmut/Pois 37%        N/A       1%          3
E - Shatter               Erth           46%        3d36*     1%          9
G - Lehudib's Crystal Sp  Conj/Erth      43%        10d10     1%          8
R - Irradiate             Conj/Tmut      30%        3d23      1%          5
T - Blink                 Tloc           N/A        N/A       1%          2

Your spell library contained the following spells:

 Spells                   Type           Power      Damage    Failure   Level
 Foxfire                  Conj/Fire      100%       2x1d9     0%          1
 Magic Dart               Conj           100%       1d8       0%          1
 Sandblast                Erth           100%       2d20      0%          1
 Shock                    Conj/Air       100%       1d9       0%          1
 Passwall                 Tmut/Erth      59%        N/A       0%          2
 Searing Ray              Conj           100%       3d7       0%          2
 Static Discharge         Conj/Air       59%        N/A       0%          2
 Conjure Flame            Conj/Fire      59%        6-21      0%          3
 Dazzling Flash           Conj/Hex       100%       N/A       0%          3
 Stone Arrow              Conj/Erth      100%       3d13      0%          3
 Animate Armour           Summ/Erth      100%       N/A       0%          4
 Leda's Liquefaction      Hex/Erth       35%        N/A       0%          4
 Petrify                  Tmut/Erth      71%        N/A       0%          4
 Bolt of Magma            Conj/Fire/Erth 36%        4d16      0%          5
 Lee's Rapid Deconstruct  Erth           46%        3d23*     0%          5
 Iron Shot                Conj/Erth      43%        9d8       0%          6
 Animate Skeleton         Necr           60%        N/A       1%          1
 Beastly Appendage        Tmut           68%        N/A       1%          1
 Corona                   Hex            33%        N/A       1%          1
 Freeze                   Ice            100%       1d11      1%          1
 Pain                     Necr           100%       1d9       1%          1
 Call Imp                 Summ           30%        N/A       1%          2
 Corpse Rot               Necr/Air       N/A        N/A       1%          2
 Ensorcelled Hibernation  Hex/Ice        60%        N/A       1%          2
 Poisonous Vapours        Pois/Air       78%        N/A       1%          2
 Slow                     Hex            30%        N/A       1%          2
 Sublimation of Blood     Necr           15%        N/A       1%          2
 Wereblood                Tmut           34%        N/A       1%          2
 Confusing Touch          Hex            30%        N/A       1%          3
 Gell's Gravitas          Tloc           15%        N/A       1%          3
 Inner Flame              Hex/Fire       30%        N/A       1%          3
 Lesser Beckoning         Tloc           15%        N/A       1%          3
 Portal Projectile        Hex/Tloc       60%        N/A       1%          3
 Spider Form              Tmut/Pois      20%        N/A       1%          3
 Swiftness                Air            30%        N/A       1%          3
 Teleport Other           Tloc           30%        N/A       1%          3
 Tukima's Dance           Hex            30%        N/A       1%          3
 Vampiric Draining        Necr           15%        2d8       1%          3
 Fulminant Prism          Conj/Hex       29%        3d14      1%          4
 Hailstorm                Conj/Ice       59%        3d13      1%          4
 Ice Form                 Ice/Tmut       32%        N/A       1%          4
 Iskenderun's Mystic Bla  Conj/Tloc      59%        2d12      1%          4
 Olgreb's Toxic Radiance  Pois           48%        N/A       1%          4
 Sticky Flame             Conj/Fire      59%        2d7       1%          4
 Borgnjor's Vile Clutch   Necr/Erth      35%        N/A       1%          5
 Fireball                 Conj/Fire      29%        3d13      1%          5
 Lightning Bolt           Conj/Air       29%        1d46      1%          5
 Starburst                Conj/Fire      29%        8x6d9     1%          6
 Airstrike                Air            15%        N/A       2%          4
 Animate Dead             Necr           15%        N/A       2%          4
 Cause Fear               Hex            15%        N/A       2%          4
 Dispel Undead            Necr           30%        3d14      2%          4
 Passage of Golubria      Tloc           N/A        N/A       2%          4
 Alistair's Intoxication  Tmut/Pois      27%        N/A       2%          5
 Hydra Form               Tmut           17%        N/A       4%          5
 Freezing Cloud           Conj/Ice/Air   26%        6-21      5%          6
 Agony                    Necr           30%        N/A       8%          5
 Excruciating Wounds      Necr           15%        N/A       8%          5
 Manifold Assault         Tloc           30%        N/A       8%          5
 Metabolic Englaciation   Hex/Ice        15%        N/A       8%          5
 Spellforged Servitor     Conj/Summ      29%        N/A       11%         7
 Eringya's Noxious Bog    Tmut/Pois      20%        N/A       16%         6
 Dispersal                Tloc           15%        N/A       45%         6
 Chain Lightning          Conj/Air       29%        N/A       69%         8
 Dragon Form              Tmut           17%        N/A       88%         7
 Disjunction              Tloc           15%        N/A       100%        8
 Ignition                 Fire           15%        3d6       100%        8
 Absolute Zero            Ice            15%        ∞         100%        9
 Death's Door             Necr           15%        N/A       100%        9
 Dragon's Call            Summ           15%        N/A       100%        9
 Fire Storm               Conj/Fire      29%        8d8       100%        9
 Tornado                  Air            15%        N/A       100%        9


Dungeon Overview and Level Annotations

Branches:
Dungeon (15/15)            Temple (0/1) D:7            Lair (6/6) D:9
  Swamp (4/4) Lair:2        Snake (4/4) Lair:4        Slime (1/5) Lair:5
    Orc (2/2) D:11            Elf (3/3) Orc:2        Vaults (5/5) D:13
  Crypt (3/3) Vaults:3       Tomb (0/3) Crypt:3      Depths (5/5) D:15
   Hell (visited)             Dis (0/7) Hell            Geh (2/7) Hell
    Coc (0/7) Hell            Tar (0/7) Hell            Zot (0/5) Depths:5
Ossuary (visited)         Volcano (visited)

Altars:
Ashenzari
Dithmenos
Elyvilon
Fedhas
Gozag
Sif Muna
Xom
Zin
The Shining One

Shops:
D:5 [   D:13 [*?   D:15 [   Orc:2 (:*[   Elf:1 ?   Elf:2 *
Lair:1 [[[=[[=[*=([((   Snake:1 (*!(   Snake:2 :=   Vaults:1 (   Vaults:5 [

Portals:
Hell: Depths:1 Depths:2 Depths:3 Depths:4 Depths:5
Abyss: Depths:4
Pandemonium: Depths:3
Ziggurat: Depths:4
Trove: Vaults:4 (give 2 scrolls of acquirement)


Innate Abilities, Weirdness & Mutations

Your serpentine skin is tough. (AC +9)
You have supernaturally acute eyesight. (SInv)
Armour fits poorly on your strangely shaped body.
Your system is resistant to poisons. (rPois)
You cover ground very slowly.
You can spit poison.
You can use your snake-like lower body to constrict enemies.
You have sharp fingernails.
You are very clumsy. (Dex -4)
Your body sometimes deteriorates upon taking damage.
You are very dopey. (Int -4)
Your magical capacity is very low. (-20% MP)
You occasionally shout uncontrollably at your foes.
You do not regenerate when monsters are visible.
Potions are less effective at restoring your health.
Your spells are easier to cast, but less powerful.
You sometimes lose the ability to read scrolls when taking damage.


Message History

The wavering orb of destruction weakly hits the chaos spawn!!
The chaos spawn is almost dead.
You feel very sick. The chaos spawn barely misses you.
The reaper hits you from afar with a +3 scythe of venom!!
* * * LOW HITPOINT WARNING * * *
Unknown command.
Casting: Orb of Destruction (mildly dangerous; 1% risk of failure)
Confirm with . or Enter, or press ? or * to list all spells.
Aiming: Orb of Destruction (mildly dangerous; 1% risk of failure)
Press: ? - help, Shift-Dir - straight line, f/p - chaos spawn
Aim: a chaos spawn (almost dead)
Okay, then.
Casting: Orb of Destruction (mildly dangerous; 1% risk of failure)
Confirm with . or Enter, or press ? or * to list all spells.
You don't know that spell.
Unknown command.
You slice the chaos spawn!! You burn the chaos spawn.
You kill the chaos spawn!
Zin accepts your kill.
The chaos spawn degenerates into a cloud of primal chaos!
You feel very sick. You block the reaper's attack.
The reaper barely misses you.
Unknown command.
You feel very sick.
The reaper hits you with a +1 scythe of distortion!!
* * * LOW HITPOINT WARNING * * *
Space warps horribly around you!!
* * * LOW HITPOINT WARNING * * *
The reaper barely misses you.
Unknown command.
Unknown command.
Okay, then.
You cannot read scrolls in your current state!
You feel very sick. You block the reaper's attack.
The reaper barely misses you.
The reaper hits you from afar with a +1 scythe of distortion.
* * * LOW HITPOINT WARNING * * *
The reaper hits you from afar with a +3 scythe of venom!
You die...

..### ######..........#
..... #..........#
...#### #......#####
.[...# #......# #...#
#......# #...# #......#
###.22#####......###
#......................
#.....@................
#$....$................
#......................
#######################


You could see 2 reapers.

Vanquished Creatures
  2 dread liches
  An ancient lich (Crypt:3)
  Mara (Depths:1)
  Boris (twice) (Crypt:2 Crypt:3)
  Vashnia (Snake:2)
  Bai Suzhen (Swamp:3)
  Saint Roka (Vaults:4)
  Xtahua (Crypt:3)
  Geryon (Hell)
  Nikola (Depths:1)
  4 golden dragons
  the Enchantress (Depths:4)
  4 bone dragons
  3 hellephants (Depths:2)
  8 Brimstone Fiends
  5 pandemonium lords (Pan)
  8 Ice Fiends (Pan)
  5 tentacled monstrosities
  8 Tzitzimimeh (Pan)
  The ghost of Vivvept the Eclecticist, an adept DjAE of Makhleb (Vaults:2)
  3 deep elf blademasters
  4 quicksilver dragons
  10 liches
  16 Hell Sentinels (Pan)
  3 titans
  2 deep elf master archers (Elf:3)
  A tentacled starspawn (Abyss:1)
  8 ancient champions
  2 acid blobs (Slime:1)
  Gastronok (D:11)
  6 sphinxes
  8 Executioners (Pan)
  3 thorn hunters (Depths:4)
  6 storm dragons
  13 tengu reavers
  A rockslime (Slime:1)
  A draconian monk (Depths:5)
  7 shadow dragons
  9 fire giants
  An azure jelly (Slime:1)
  Kirke (Snake:2)
  9 nagarajas (Snake:4)
  Louise (Snake:3)
  2 iron dragons
  10 frost giants
  A revenant (Crypt:3)
  Aizul (Snake:1)
  A draconian scorcher (Depths:5)
  3 orc warlords
  14 balrugs
  2 caustic shrike zombies
  9 deep elf sorcerers
  19 vault wardens
  9 cacodemons (Pan)
  13 warmongers (Pan)
  8 deep elf elementalists
  6 ghouls
  2 curse skulls (Crypt:2)
  21 ironbound preservers
  The ghost of vykuza the Severer, a journeyman MiBe of Trog (Swamp:1)
  A quicksilver ooze (shapeshifter) (Depths:1)
  25 very ugly things
  27 stone giants
  A quicksilver ooze (Slime:1)
  3 caustic shrike skeletons (Crypt:3)
  14 reapers
  6 war gargoyles
  2 black suns (Pan)
  14 blood saints (Pan)
  3 spriggan defenders
  A juggernaut skeleton (Crypt:2)
  6 deep elf demonologists
  19 starcursed masses
  2 grey draconians (Depths:5)
  An entropy weaver (shapeshifter) (Vaults:5)
  7 deep elf annihilators
  5 dire elephants
  15 corrupters (Pan)
  9 vampire knights
  A red draconian (Volcano)
  2 lorocyprocas
  5 entropy weavers
  6 spark wasps
  7 bunyips
  2 white draconians (Depths:5)
  2 purple draconians (Depths:5)
  2 yellow draconians (Depths:5)
  11 green deaths (Pan)
  7 blizzard demons (Pan)
  Snorg (Lair:6)
  7 eidola
  2 eleionomae
  3 quicksilver dragon zombies
  10 ettins
  20 yaktaur captains
  9 deep elf death magi
  A crystal guardian (Vaults:2)
  9 jiangshi
  5 fire dragons
  6 great orbs of eyes
  4 deep elf high priests
  3 ice dragons
  35 vault guards
  A hell beast (Hell)
  8 rakshasas
  6 boulder beetles
  13 ironbound thunderhulks
  3 quicksilver dragon skeletons
  13 hydras
  2 ghost crabs
  A shambling mangrove (Swamp:4)
  5 catoblepae
  20 naga warriors
  4 ogre magi
  4 peacekeepers
  12 monstrous demonspawn (Pan)
  12 ironbound frosthearts
  26 death yaks
  10 spriggan air magi
  4 death knights
  10 alligators
  12 centaur warriors
  6 anacondas
  12 two-headed ogres
  4 deep troll shamans (Depths:2)
  2 satyrs (Depths:4)
  3 orc high priests (Orc:2)
  22 naga sharpshooters
  6 tengu warriors
  6 vampire magi
  8 deep troll earth magi
  8 spriggan berserkers
  22 hell hogs
  4 titan zombies
  3 thrashing horrors
  An iron golem (Geh:1)
  4 shock serpents
  44 soul eaters
  The ghost of RazingBull the Fighter, a novice MiBe of Trog (D:8)
  6 ironbound beastmasters
  2 storm dragon zombies
  4 iron trolls
  6 titan skeletons (Crypt:3)
  12 deep elf knights
  47 hell knights
  Sonja (D:10)
  26 sun demons
  8 spatial maelstroms
  2 shadow wraiths
  25 skeletal warriors
  12 sixfirhies (Pan)
  2 salamander mystics
  2 spriggan druids
  3 goliath frogs
  3 storm dragon skeletons (Crypt:3)
  2 death drakes
  A golden dragon zombie (Geh:1)
  6 flayed ghosts
  An anaconda zombie (Geh:1)
  2 quicksilver dragon simulacra
  4 glowing orange brains
  13 shadow demons
  5 deep elf archers
  6 infernal demonspawn (Pan)
  5 torturous demonspawn (Pan)
  An obsidian statue (Vaults:3)
  47 deep trolls
  12 phantasmal warriors
  8 swamp dragons
  A spectral hydra (Swamp:4)
  12 wizards
  Pikel (D:9)
  7 anaconda skeletons
  3 wolf spider zombies
  10 gelid demonspawn (Pan)
  7 lindwurms
  13 bog bodies
  18 deep elf pyromancers
  11 ironbound convokers
  5 harpies (Vaults:2)
  7 naga ritualists
  5 golden dragon skeletons
  26 necromancers
  6 iron dragon zombies
  11 orc knights
  2 mana vipers (shapeshifter)
  5 mana vipers
  19 deep elf zephyrmancers
  3 fire giant zombies
  4 stone giant zombies
  8 orc sorcerers
  12 salamanders
  3 frost giant zombies
  3 shining eyes (Slime:1)
  A cyclops (shapeshifter) (Vaults:5)
  8 manticores
  6 fauns (Depths:4)
  4 iron dragon skeletons
  4 oklob plants (Lair:4)
  37 ugly things
  A shadow dragon skeleton (Crypt:3)
  2 frost giant skeletons
  6 will-o-the-wisps
  A moth of wrath (shapeshifter) (Vaults:5)
  4 cyclopes
  2 worldbinders
  4 fire giant skeletons
  17 naga magi
  6 guardian serpents
  14 rust devils
  2 stone giant skeletons
  Joseph (D:8)
  12 vault sentinels
  6 elephants
  10 cane toads
  An eye of devastation (Lair:5)
  A water nymph (shapeshifter) (Depths:5)
  An ice statue (Hell)
  81 smoke demons
  32 black mambas
  2 water nymphs (Depths:4)
  5 molten gargoyles
  16 orange demons
  The ghost of Cyko the Fighter, a novice OpBe of Trog (D:5)
  A torpor snail (Lair:4)
  A sea snake zombie (Hell)
  An alligator snapping turtle skeleton (Crypt:2)
  An efreet (Geh:2)
  An emperor scorpion zombie (Geh:2)
  A dire elephant skeleton (Crypt:3)
  2 shock serpent skeletons
  3 swamp worm zombies (Swamp:4)
  3 unseen horrors
  2 rime drakes
  A grey draconian zombie (Crypt:2)
  9 komodo dragons
  5 elf zombies
  8 freezing wraiths
  18 yaktaurs
  A purple draconian zombie (Geh:2)
  29 hellions
  2 ice devils
  23 tormentors
  A minotaur skeleton (Geh:2)
  4 tengu conjurers
  36 demonic crawlers (Pan)
  2 anaconda simulacra
  9 hellwings (Pan)
  6 hydra zombies
  10 trolls
  5 hornets
  6 tyrant leeches
  27 red devils
  A polar bear (Vaults:1)
  2 bloated husks (Swamp:4)
  A sea snake skeleton (Hell)
  A shadow dragon simulacrum (Crypt:1)
  4 hydra skeletons
  21 blink frogs
  88 slime creatures
  6 raiju (Abyss:3)
  A harpy zombie (Geh:1)
  6 dream sheep (Lair:6)
  A death drake skeleton (Crypt:3)
  3 ettin zombies
  4 alligator zombies
  3 air elementals
  2 harpy skeletons
  A spriggan zombie (Depths:1)
  4 spectral swamp dragons (Swamp:4)
  39 large abominations
  An ice dragon zombie (Geh:2)
  8 redbacks
  3 fire dragon skeletons
  2 centaur simulacra
  7 ettin skeletons
  32 flying skulls
  5 ice dragon skeletons
  4 spriggans
  A wyvern (shapeshifter) (Depths:4)
  40 ynoxinuls
  A redback (shapeshifter) (Vaults:5)
  4 shadows
  17 wraiths
  3 alligator skeletons
  4 water elementals
  5 fire bats
  5 wyverns
  2 hogs (Snake:2)
  10 humans (D:13)
  A steam dragon (D:9)
  5 golden eyes (Slime:1)
  60 yaks
  2 basilisks (Lair:2)
  11 fire elementals
  23 vampire mosquitoes
  A black mamba skeleton (Geh:1)
  2 human simulacra (Vaults:4)
  30 chaos spawn (Pan)
  An emperor scorpion simulacrum (Crypt:2)
  20 neqoxecs
  4 wargs
  A tengu zombie (Depths:1)
  50 nagas
  19 spatial vortices
  A monstrous demonspawn zombie (Crypt:2)
  14 swamp worms
  5 acid dragons
  2 human zombies (Vaults:4)
  A naga (shapeshifter) (Vaults:2)
  17 water moccasins
  A faun zombie (Crypt:1)
  A glowing shapeshifter zombie (Crypt:1)
  2 cane toad zombies
  A deep troll skeleton (Crypt:3)
  A floating eye (Lair:5)
  19 hell hounds
  A hydra simulacrum (Hell)
  A floating eye (shapeshifter) (Vaults:5)
  4 swamp drakes
  4 ice beasts
  A small abomination (Abyss:3)
  31 orc warriors
  A sky beast (D:7)
  17 necrophages
  4 black bears
  A blink frog zombie (Crypt:1)
  5 swamp dragon zombies
  An elephant zombie (Crypt:3)
  13 wolves
  An alligator simulacrum (Hell)
  9 ogres
  20 centaurs
  3 lemures (D:9)
  8 phantoms
  A swamp dragon skeleton (Crypt:2)
  3 snapping turtle skeletons
  An octopode zombie (Crypt:1)
  A hog skeleton (Crypt:1)
  A palentonga zombie (Crypt:3)
  10 bullfrogs
  5 elf skeletons
  A rime drake skeleton (Crypt:1)
  4 scorpions
  A wyvern zombie (D:7)
  A troll zombie (D:11)
  6 killer bees
  A shapeshifter zombie (Crypt:1)
  58 wights
  10 howler monkeys
  5 electric eels
  A wolf zombie (Crypt:1)
  A yak skeleton (Crypt:2)
  4 crimson imps
  5 lava snakes (Volcano)
  A bullfrog zombie (D:6)
  3 centaur zombies
  14 orc priests
  2 centaur skeletons
  An iron imp (Abyss:1)
  2 jellies
  3 hounds
  3 human skeletons
  A demonspawn skeleton (Crypt:3)
  An iguana (D:6)
  Terence (D:6)
  16 orc wizards
  4 hell rats (Hell)
  2 spectral swamp drakes (Swamp:4)
  2 killer bee zombies
  8 ogre zombies
  A felid skeleton (Crypt:2)
  2 tengu skeletons
  A hound skeleton (D:2)
  A hound zombie (Crypt:2)
  3 mummies
  3 howler monkey zombies
  12 adders
  A swamp drake zombie (Swamp:4)
  4 gnolls (D:4)
  A shadow imp (D:6)
  6 white imps
  An ufetubus (D:4)
  2 worms (D:3)
  3 dart slugs
  69 orcs
  5 endoplasms
  2 giant cockroaches (D:2)
  2 goblins
  12 hobgoblins
  5 jackals (D:1)
  4 quokkas
  6 ball pythons
  11 bats
  3 frilled lizards
  A gnoll skeleton (Crypt:2)
  A goblin zombie (D:11)
  A hobgoblin skeleton (D:11)
  A jackal skeleton (Crypt:3)
  2 kobolds
  2 orc skeletons (D:11)
  22 orc zombies
  8 rats
  4 starspawn tentacles (Abyss:1)
3070 creatures vanquished.

Vanquished Creatures (collateral kills)
  A warmonger (Pan)
1 creature vanquished.

Vanquished Creatures (others)
  A fire giant (Vaults:2)
  A very ugly thing (Depths:3)
  A corrupter (Pan)
  A blood saint (Pan)
  A yaktaur captain (Vaults:5)
  A deep troll shaman (Depths:3)
  2 hell hogs
  18 dancing weapons
  A deep elf archer (Elf:2)
  A phantasmal warrior (Swamp:4)
  A smoke demon (Pan)
  A red devil (Geh:2)
  5 bloated husks (Swamp:4)
  2 hornets (Swamp:4)
  2 flying skulls (Geh:2)
  2 shadows
  A ynoxinul (Pan)
  2 humans
  A neqoxec (Pan)
  A manticore zombie (Geh:1)
  A centaur (D:14)
  13 foxfires
  29 fungi
  116 plants
  2 starspawn tentacles (Abyss:1)
207 creatures vanquished.

Grand Total: 3278 creatures vanquished

Notes
Turn   | Place    | Note
-------+----------+-------------------------------------------
     0 | D:1      | Meow the Naga Venom Mage began the quest for the Orb.
     0 | D:1      | Reached XP level 1. HP: 15/15 MP: 3/3
   177 | D:1      | Reached skill level 1 in Conjurations
   177 | D:1      | Reached XP level 2. HP: 21/22 MP: 1/5
   367 | D:1      | Reached XP level 3. HP: 26/28 MP: 6/6
   371 | D:1      | Learned a level 3 spell: Mephitic Cloud
   375 | D:1      | Learned a level 3 spell: Ignite Poison
   879 | D:1      | Reached skill level 3 in Spellcasting
   958 | D:2      | Noticed an ogre
  1002 | D:2      | Reached XP level 4. HP: 23/36 MP: 1/8
  1223 | D:3      | Noticed Terence
  2141 | D:4      | Reached XP level 5. HP: 37/42 MP: 5/10
  2267 | D:4      | Found a shadowy altar of Dithmenos.
  2323 | D:4      | Reached skill level 4 in Spellcasting
  2484 | D:4      | Reached XP level 6. HP: 12/49 MP: 4/12
  2548 | D:4      | Found a sand-covered staircase.
  2572 | Ossuary  | Entered an ossuary
  2749 | D:4      | Reached skill level 5 in Spellcasting
  2749 | D:4      | Reached XP level 7. HP: 47/55 MP: 7/14
  2829 | D:4      | Found a glowing silver altar of Zin.
  2964 | D:4      | Reached skill level 5 in Conjurations
  3075 | D:4      | Found an opulent altar of Gozag.
  3145 | D:4      | Became a worshipper of Gozag Ym Sagoz the Greedy
  3689 | D:2      | Found a faded altar of an unknown god.
  4148 | D:5      | Entered Level 5 of the Dungeon
  4226 | D:5      | Found a runed translucent door.
  4311 | D:5      | Reached skill level 6 in Spellcasting
  4311 | D:5      | Reached XP level 8. HP: 49/62 MP: 2/17
  4450 | D:5      | Noticed Cyko's ghost (novice OpBe)
  4769 | D:5      | Reached skill level 1 in Fighting
  4825 | D:5      | Found Raczam Bem's Antique Armour Shoppe.
  4865 | D:5      | Found a white marble altar of Elyvilon.
  4972 | D:5      | Found a shimmering altar of Xom.
  5467 | D:6      | Identified the amulet "Arpheres" {rElec Regen+ rCorr}
  5599 | D:6      | Reached XP level 9. HP: 78/78 MP: 15/18
  5601 | D:6      | Killed Terence
  5658 | D:6      | Noticed a komodo dragon
  5662 | D:6      | Killed a komodo dragon
  5663 | D:6      | Reached skill level 5 in Fighting
  6606 | D:7      | Found a staircase to the Ecumenical Temple.
  7063 | D:7      | Reached XP level 10. HP: 98/98 MP: 4/19
  7206 | D:8      | Found a blossoming altar of Fedhas.
  7376 | D:8      | Noticed a two-headed ogre
  7383 | D:8      | Killed a two-headed ogre
  7384 | D:8      | Reached skill level 7 in Spellcasting
  7483 | D:8      | Found a runed translucent gate.
  7483 | D:8      | Found a runed translucent gate.
  7483 | D:8      | Found a runed translucent gate.
  7489 | D:8      | Noticed Joseph
  7498 | D:8      | Killed Joseph
  7636 | D:8      | Found a glowing golden altar of the Shining One.
  7868 | D:8      | Found a shimmering blue altar of Sif Muna.
  7914 | D:8      | Noticed RazingBull's ghost (novice MiBe)
  8108 | D:8      | Found a broken altar of Ashenzari.
  8533 | D:9      | Noticed an orc knight
  8538 | D:9      | Noticed a deep elf pyromancer
  8544 | D:9      | Killed a deep elf pyromancer
  8674 | D:9      | Killed an orc knight
  8675 | D:9      | Reached skill level 8 in Spellcasting
  8675 | D:9      | Reached XP level 11. HP: 108/108 MP: 7/23
  8684 | D:9      | Reached skill level 10 in Fighting
  8689 | D:9      | Reached skill level 10 in Conjurations
  8847 | D:9      | Noticed a cyclops
  8847 | D:9      | Noticed a manticore
  8849 | D:9      | Noticed a manticore
  8854 | D:9      | Killed a cyclops
  8878 | D:9      | Killed a manticore
  9061 | D:9      | Noticed Pikel
  9078 | D:9      | Killed Pikel
  9222 | D:9      | Noticed a two-headed ogre
  9231 | D:9      | Noticed a two-headed ogre
  9369 | D:9      | Noticed a centaur warrior
  9390 | D:9      | Killed a two-headed ogre
  9391 | D:9      | Killed a centaur warrior
  9505 | D:9      | Killed a manticore
  9587 | D:9      | Found a staircase to the Lair.
  9653 | D:9      | Identified the +1 leather armour of Ihuuh {-Tele Rampage
                  | *Corrode rElec Str+2}
  9752 | D:9      | Killed a two-headed ogre
  9753 | D:9      | Reached skill level 9 in Spellcasting
  9869 | Lair:1   | Entered Level 1 of the Lair of Beasts
  9872 | Lair:1   | Bought the +3 hat of Pondering {ponderous, Will+ MP+10
                  | Int+5} for 1104 gold pieces
  9872 | Lair:1   | Found the +3 hat of Pondering {ponderous, Will+ MP+10
                  | Int+5}
  9882 | Lair:1   | Bought a fading buckler for 275 gold pieces
  9882 | Lair:1   | Identified the -7 buckler of the Alphagorgon {Contam rF+
                  | rN+} (You bought it in a shop on level 1 of the Lair of
                  | Beasts)
 10034 | Lair:1   | Reached skill level 10 in Spellcasting
 10034 | Lair:1   | Reached XP level 12. HP: 118/122 MP: 25/26
 10981 | Lair:2   | Reached skill level 11 in Spellcasting
 11024 | Lair:2   | Noticed a death yak
 11043 | Lair:2   | Noticed a death yak
 11048 | Lair:2   | Killed a death yak
 11048 | Lair:2   | Noticed a death yak
 11050 | Lair:2   | Noticed a death yak
 11054 | Lair:2   | Noticed a death yak
 11070 | Lair:2   | Killed a death yak
 11114 | Lair:1   | Killed a death yak
 11360 | Lair:1   | Reached skill level 12 in Spellcasting
 11602 | Lair:2   | Found a staircase to the Swamp.
 11757 | Lair:2   | Killed a death yak
 11757 | Lair:2   | Killed a death yak
 11758 | Lair:2   | Reached skill level 13 in Spellcasting
 12078 | Lair:2   | Learned a level 3 spell: Stone Arrow
 12200 | Lair:3   | Gained mutation: You can use your snake-like lower body to
                  | constrict enemies. [Naga growth]
 12200 | Lair:3   | Reached XP level 13. HP: 129/129 MP: 24/30
 12532 | Lair:3   | Learned a level 3 spell: Frozen Ramparts
 12536 | Lair:3   | Learned a level 3 spell: Ozocubu's Armour
 12918 | Lair:3   | Reached skill level 14 in Spellcasting
 13424 | Lair:4   | Found a staircase to the Snake Pit.
 13781 | Lair:3   | Reached skill level 15 in Spellcasting
 14894 | Lair:4   | Reached skill level 1 in Shields
 14981 | Lair:4   | Reached XP level 14. HP: 127/138 MP: 28/33
 15125 | Lair:4   | Identified the +10 hunting sling of Qazlal's Approval
                  | {vorpal, rC+ rN++ Dex-4}
 15259 | Lair:5   | Found a staircase to the Slime Pits.
 16212 | D:10     | Entered Level 10 of the Dungeon
 16225 | D:9      | Reached skill level 16 in Spellcasting
 16550 | D:10     | Noticed Sonja
 16557 | D:10     | Killed Sonja
 16886 | D:11     | Reached skill level 5 in Shields
 16929 | D:11     | Noticed Gastronok
 17089 | D:11     | Killed Gastronok
 17268 | D:11     | Found a staircase to the Orcish Mines.
 17790 | Orc:1    | Entered Level 1 of the Orcish Mines
 17807 | Orc:1    | Noticed an orc warlord
 17822 | Orc:1    | Found a dark tunnel.
 17968 | Orc:1    | Killed an orc warlord
 18018 | Volcano  | Entered a volcano
 18450 | Volcano  | Found a radiant altar of Vehumet.
 18522 | Volcano  | Noticed a red draconian
 18530 | Volcano  | Killed a red draconian
 18657 | Volcano  | Identified 3 scrolls of acquirement
 19133 | Orc:1    | Acquired 761 gold pieces
 19135 | Orc:1    | Acquired a book of Power
 19137 | Orc:1    | Acquired the ring of Altruism {rElec rF+ rC+ Str+6}
 19312 | Orc:2    | Entered Level 2 of the Orcish Mines
 19344 | Orc:2    | Found a staircase to the Elven Halls.
 19676 | Orc:2    | Reached XP level 15. HP: 144/144 MP: 30/35
 20103 | Orc:2    | Found Etreq's Armour Shoppe.
 20505 | Orc:2    | Found Ulofoecakk's Assorted Antiques.
 20527 | Orc:2    | Found Iseh Hid's Book Boutique.
 20531 | Orc:2    | Found Untaam's Weapon Shoppe.
 20553 | Orc:2    | Bought a potion of haste for 270 gold pieces
 20553 | Orc:2    | Bought a scroll of teleportation for 81 gold pieces
 20553 | Orc:2    | Bought a potion of curing for 81 gold pieces
 20687 | Lair:1   | Bought a scroll of teleportation for 75 gold pieces
 20695 | Lair:1   | Learned a level 7 spell: Orb of Destruction
 20794 | Lair:6   | Entered Level 6 of the Lair of Beasts
 20817 | Lair:6   | Noticed Snorg
 20826 | Lair:6   | Killed Snorg
 21375 | Lair:6   | Reached skill level 17 in Spellcasting
 22060 | Lair:6   | Identified the Reference Book on Attacks
 22068 | Lair:6   | Learned a level 5 spell: Irradiate
 22529 | Lair:1   | Bought a faintly glowing broad axe for 360 gold pieces
 22529 | Lair:1   | Identified the +4 broad axe of the Well-Known Eyes {freeze,
                  | rC++ Int-2 Dex+6} (You bought it in a shop on level 1 of
                  | the Lair of Beasts)
 22694 | D:12     | Reached XP level 16. HP: 142/152 MP: 8/37
 22753 | D:12     | You fall into a shaft and drop 3 floors!
 22753 | D:15     | Entered Level 15 of the Dungeon
 22830 | D:15     | Reached skill level 1 in Axes
 23189 | D:15     | Acquired 683 gold pieces
 23346 | D:15     | Found a staircase to the Depths.
 23553 | D:15     | Identified the +2 leather armour of the Aged Ships {rF+
                  | Stlth+}
 23955 | D:15     | Found Hiutuer's Antique Armour Emporium.
 23959 | D:15     | Bought a smoking robe for 205 gold pieces
 23959 | D:15     | Identified the +2 robe of Subjectivity {rN+ Int+4} (You
                  | bought it in a shop on level 15 of the Dungeon)
 25094 | D:13     | Found Qepruot's Magic Scroll Emporium.
 25164 | D:13     | Bought a scroll of blinking for 112 gold pieces
 25164 | D:13     | Bought a scroll of teleportation for 45 gold pieces
 25164 | D:13     | Bought a scroll of teleportation for 45 gold pieces
 25164 | D:13     | Bought a scroll of teleportation for 45 gold pieces
 25308 | D:13     | Found Wyevig's Assorted Antiques.
 25314 | D:13     | Bought a scroll of teleportation for 69 gold pieces
 25314 | D:13     | Bought a potion of haste for 230 gold pieces
 25314 | D:13     | Bought a scroll of teleportation for 69 gold pieces
 25314 | D:13     | Bought a potion of heal wounds for 115 gold pieces
 25333 | D:13     | Found Fiycasi's Antique Armour Shoppe.
 25369 | D:13     | Bought a spiked kite shield for 294 gold pieces
 25369 | D:13     | Identified the +2 kite shield of the Blind Marksman {Harm
                  | +Blink rPois rC-} (You bought it in a shop on level 13 of
                  | the Dungeon)
 25369 | D:13     | Bought a masterwork leather armour for 217 gold pieces
 25369 | D:13     | Identified the +1 leather armour of the Lizard {rElec} (You
                  | bought it in a shop on level 13 of the Dungeon)
 25369 | D:13     | Bought a fading cloak for 294 gold pieces
 25369 | D:13     | Identified the +2 cloak "Geanen" {rF+ Int+3 Stlth+} (You
                  | bought it in a shop on level 13 of the Dungeon)
 25509 | D:13     | Found a gate to the Vaults.
 25881 | D:12     | Identified the +8 rapier "Juoxuef" {freeze, rN+ Dex+4}
 26242 | Snake:1  | Entered Level 1 of the Snake Pit
 26242 | Snake:1  | Found Ziatas's Weapon Shoppe.
 26356 | Snake:1  | Found Hehaziof's Antique Weapon Boutique.
 26732 | Snake:1  | Noticed Aizul
 26736 | Snake:1  | Killed Aizul
 26737 | Snake:1  | Reached skill level 5 in Axes
 26935 | Snake:1  | Found Vietor's Distillery.
 26943 | Snake:1  | Bought a potion of curing for 54 gold pieces
 26943 | Snake:1  | Bought a potion of heal wounds for 90 gold pieces
 26963 | Snake:1  | Found Motranwe's Assorted Antiques.
 26971 | Snake:1  | Bought a scroll of teleportation for 102 gold pieces
 27541 | Snake:2  | Reached XP level 17. HP: 103/159 MP: 6/38
 27548 | Snake:2  | Learned a level 4 spell: Sticky Flame
 27554 | Snake:2  | Learned a level 5 spell: Iskenderun's Battlesphere
 27561 | Snake:2  | Learned a level 6 spell: Iron Shot
 27596 | Snake:2  | Noticed Vashnia
 27750 | Snake:2  | Killed Vashnia
 27751 | Snake:2  | Reached skill level 18 in Spellcasting
 28087 | Snake:2  | Noticed Kirke
 28098 | Snake:2  | Killed Kirke
 28131 | Snake:2  | Found Rohusty's Jewellery Shoppe.
 28132 | Snake:2  | Found Tapae's Book Boutique.
 28134 | Snake:2  | Found Jaoschul's Jewellery Shoppe.
 28172 | Snake:2  | Bought a book of the Earth for 975 gold pieces
 28681 | Snake:3  | Reached skill level 1 in Earth Magic
 29097 | Snake:3  | Identified the +0 tower shield of the Armoured One
                  | {Rampage}
 29097 | Snake:3  | Noticed Louise
 29110 | Snake:3  | Killed Louise
 29577 | Snake:4  | Entered Level 4 of the Snake Pit
 30623 | Snake:4  | Reached skill level 15 in Conjurations
 31119 | Snake:4  | Learned a level 6 spell: Statue Form
 31122 | Snake:4  | Learned a level 2 spell: Blink
 31241 | Snake:4  | Reached skill level 5 in Earth Magic
 31241 | Snake:4  | Reached XP level 18. HP: 120/168 MP: 35/40
 31968 | Snake:4  | Reached skill level 10 in Axes
 32326 | Snake:4  | Got a serpentine rune of Zot
 32554 | Lair:1   | Bought a jet-studded leather armour for 133 gold pieces
 32554 | Lair:1   | Identified the +3 leather armour of Tenacity {Str+2} (You
                  | bought it in a shop on level 1 of the Lair of Beasts)
 32554 | Lair:1   | Bought a spiked leather armour for 133 gold pieces
 32554 | Lair:1   | Identified the +2 leather armour of the Bull {Int+4} (You
                  | bought it in a shop on level 1 of the Lair of Beasts)
 32650 | Swamp:1  | Entered Level 1 of the Swamp
 33366 | Swamp:1  | Found a large runed translucent door.
 33367 | Swamp:1  | Found a large runed translucent door.
 33368 | Swamp:1  | Noticed vykuza's ghost (journeyman MiBe)
 33598 | Swamp:1  | Killed vykuza's ghost
 33821 | D:8      | Killed RazingBull's ghost
 33865 | D:8      | Identified the ring of Ridimal {Fire SInv}
 34016 | D:5      | Killed Cyko's ghost
 34285 | Swamp:2  | Reached skill level 19 in Spellcasting
 34358 | Swamp:2  | Identified the +2 robe "Elulli" {rN+ Str+3}
 34523 | Swamp:2  | Noticed a tentacled monstrosity
 34528 | Swamp:2  | Killed a tentacled monstrosity
 34957 | Swamp:3  | Reached XP level 19. HP: 160/175 MP: 12/42
 35488 | Swamp:3  | Noticed Bai Suzhen
 35496 | Swamp:3  | Killed Bai Suzhen
 35812 | Swamp:4  | Entered Level 4 of the Swamp
 36114 | Swamp:4  | Noticed a bone dragon
 36204 | Swamp:4  | Killed a bone dragon
 36559 | Swamp:4  | Reached skill level 10 in Earth Magic
 37347 | Swamp:4  | Got a decaying rune of Zot
 37896 | Depths:1 | Entered Level 1 of the Depths
 38154 | Depths:1 | Found a gateway to Hell.
 38271 | Depths:1 | Noticed Nikola
 38288 | Depths:1 | Killed Nikola
 38505 | Depths:1 | Identified the +2 robe "Igirch" {rElec rF+ Slay+2}
 38528 | Depths:1 | Noticed Mara
 38537 | Depths:1 | Killed Mara
 38538 | Depths:1 | Reached XP level 20. HP: 162/183 MP: 7/43
 39225 | Depths:1 | Reached skill level 20 in Spellcasting
 39364 | Depths:1 | Identified the ring "Synyevec" {Ice *Slow Int+5}
 39912 | Elf:1    | Entered Level 1 of the Elven Halls
 40459 | Elf:1    | Found Vaalahepn's Magic Scroll Shop.
 40479 | Elf:1    | Bought a scroll of teleportation for 51 gold pieces
 40479 | Elf:1    | Bought a scroll of teleportation for 51 gold pieces
 40479 | Elf:1    | Bought a scroll of holy word for 127 gold pieces
 40562 | Elf:1    | Identified the Reference Book on Stolen Souls
 41272 | Elf:2    | Found Cihyesm's General Store.
 41364 | Elf:2    | Found a runed translucent gate.
 41364 | Elf:2    | Found a runed translucent gate.
 41364 | Elf:2    | Found a runed translucent gate.
 42048 | Elf:2    | Acquired 693 gold pieces
 42408 | Elf:3    | Entered Level 3 of the Elven Halls
 43014 | Elf:3    | Reached XP level 21. HP: 190/192 MP: 45/45
 43336 | Elf:3    | Identified the +7 glaive "Hell-Harrower" {venom, rElec
                  | rPois rF++}
 43336 | Elf:3    | Identified the amulet of Spite {Faith Dex+2}
 43501 | Elf:3    | Reached skill level 5 in Dodging
 43632 | Elf:3    | Identified the +7 rapier of Sequestration {vorpal, Fly
                  | SInv}
 44011 | Elf:3    | Identified Lehudib's Papyrus of Attacks and Clay
 44063 | Elf:3    | Identified the +0 plate armour of Duty {rC+ Str+5}
 45644 | Depths:2 | Noticed a golden dragon
 45650 | Depths:2 | Killed a golden dragon
 45662 | Depths:2 | Reached XP level 22. HP: 204/204 MP: 15/46
 45778 | Depths:2 | Reached skill level 15 in Axes
 47207 | Depths:3 | Found a one-way gate leading to the halls of Pandemonium.
 47250 | Depths:3 | Reached skill level 21 in Spellcasting
 47683 | Depths:3 | Identified the +8 morningstar "Xotosyuci" {antimagic,
                  | Str+5}
 47774 | Depths:3 | Identified the +1 leather armour of Xom's Hope {Will+}
 48355 | Depths:4 | Found a one-way gate to the infinite horrors of the Abyss.
 48451 | Depths:4 | Found a gateway to a ziggurat.
 48591 | Depths:4 | You fall into a shaft and drop 1 floor!
 48591 | Depths:5 | Entered Level 5 of the Depths
 49281 | Depths:4 | Reached XP level 23. HP: 214/214 MP: 43/48
 49363 | Depths:4 | Noticed the Enchantress
 49389 | Depths:4 | Killed the Enchantress
 49425 | Depths:4 | Identified the +6 war axe of Purpose {elec, Dex+6}
 50422 | Depths:5 | Noticed a golden dragon
 50434 | Depths:5 | Killed a golden dragon
 50457 | Depths:5 | Found a gate to the Realm of Zot.
 51111 | Lair:1   | Bought the ring of Mianiwir {Drain rElec rF+ AC+4} for 771
                  | gold pieces
 51236 | Vaults:1 | Entered Level 1 of the Vaults
 51245 | Vaults:1 | Reached skill level 15 in Earth Magic
 51630 | Vaults:1 | Reached skill level 15 in Fighting
 52314 | Vaults:1 | Found Jinowyl's Weapon Shoppe.
 52346 | Vaults:1 | Bought a throwing net for 63 gold pieces
 52587 | Vaults:2 | Found a runed translucent door.
 52587 | Vaults:2 | Noticed Vivvept's ghost (adept DjAE)
 52605 | Vaults:2 | Killed Vivvept's ghost
 52606 | Vaults:2 | Reached XP level 24. HP: 226/226 MP: 10/48
 52608 | Vaults:2 | Identified the -2 cloak of the Moon {*Slow +Inv Dex+3}
 53178 | Vaults:2 | Learned a level 9 spell: Shatter
 54152 | Vaults:3 | Found a gateway to a bazaar.
 54528 | Vaults:3 | Found a staircase to the Crypt.
 55045 | Vaults:3 | Reached skill level 10 in Dodging
 55140 | Crypt:1  | Entered Level 1 of the Crypt
 55954 | Crypt:2  | Reached XP level 25. HP: 236/236 MP: 48/48
 56035 | Crypt:2  | Noticed Boris
 56070 | Crypt:2  | Killed Boris
 56756 | Crypt:3  | Entered Level 3 of the Crypt
 56931 | Crypt:3  | Reached skill level 22 in Spellcasting
 57018 | Crypt:3  | Noticed Boris
 57025 | Crypt:3  | Killed Boris
 57165 | Crypt:3  | Identified the +2 chain mail of the Pit {Dex+7}
 57171 | Crypt:3  | Noticed Xtahua
 57182 | Crypt:3  | Killed Xtahua
 57481 | Crypt:3  | Found a staircase to the Tomb.
 57822 | Crypt:3  | Noticed an ancient lich
 57828 | Crypt:3  | Killed an ancient lich
 57865 | Crypt:3  | Identified the Grimoire of Evil Arts
 58758 | Vaults:4 | Reached XP level 26. HP: 238/242 MP: 49/49
 58777 | Vaults:4 | Found a portal to a secret trove of treasure.
 59700 | Vaults:4 | Noticed Saint Roka
 59715 | Vaults:4 | Killed Saint Roka
 60289 | Hell     | Entered the Vestibule of Hell
 60289 | Hell     | Noticed Geryon
 60295 | Hell     | Killed Geryon
 60699 | Hell     | Found a gateway to the ashen valley of Gehenna.
 60821 | Hell     | Found a gateway to the freezing wastes of Cocytus.
 61440 | Hell     | Found a gateway to the decaying netherworld of Tartarus.
 61568 | Hell     | Found a gateway to the Iron City of Dis.
 61670 | Geh:1    | Entered Level 1 of Gehenna
 62040 | Geh:1    | Reached XP level 27. HP: 146/258 MP: 48/49
 63416 | Geh:2    | Reached skill level 23 in Spellcasting
 63642 | Geh:2    | Gained mutation: You are frail. (-10% HP) [mutagenic glow]
 63650 | Geh:2    | Gained mutation: You sometimes lose the ability to read
                  | scrolls when taking damage. [mutagenic glow]
 63656 | Geh:2    | Gained mutation: You tend to lose your temper in combat.
                  | [mutagenic glow]
 64392 | Bazaar   | Entered a bazaar
 64392 | Bazaar   | Found Tiutz's Armour Boutique.
 64394 | Bazaar   | Found Nuengo's General Store.
 64402 | Bazaar   | Found Hafynazu's General Store.
 64423 | Bazaar   | Found Celia's Jewellery Boutique.
 64441 | Bazaar   | Found Nynimpua's Jewellery Emporium.
 64647 | Lair:1   | Bought an obsidian-encrusted leather armour for 189 gold
                  | pieces
 64647 | Lair:1   | Identified the +2 leather armour of Submission {rElec} (You
                  | bought it in a shop on level 1 of the Lair of Beasts)
 64672 | Lair:1   | Bought the +3 pair of gauntlets of War {Slay+5} for 1615
                  | gold pieces
 64672 | Lair:1   | Found the +3 pair of gauntlets of War {Slay+5}
 64899 | Vaults:5 | Entered Level 5 of the Vaults
 65207 | Vaults:5 | Identified the +3 war axe "Itzuca" {flame, rC+}
 65209 | Vaults:5 | Noticed a dread lich
 65322 | Vaults:5 | Identified the +9 war axe of Heiriype {venom, +Blink Str+3
                  | Dex-3 SInv}
 65324 | Vaults:5 | Killed a dread lich
 65327 | Vaults:5 | Identified the amulet "Sedaxa" {Regen+ Str+4}
 66035 | Vaults:5 | Got a silver rune of Zot
 66400 | Vaults:5 | Found Guwnorea's Antique Armour Shoppe.
 66472 | Vaults:5 | Identified the Grimoire of the Blistering Compass
 67242 | Lair:1   | Bought the +10 Black Knight's barding {ponderous, rPois
                  | rN+} for 1331 gold pieces
 67242 | Lair:1   | Found the +10 Black Knight's barding {ponderous, rPois rN+}
 67453 | D:4      | Lost mutation: You sometimes lose the ability to read
                  | scrolls when taking damage. [potion of mutation]
 67453 | D:4      | Lost mutation: You are frail. (-10% HP) [potion of
                  | mutation]
 67453 | D:4      | Lost mutation: You tend to lose your temper in combat.
                  | [potion of mutation]
 67453 | D:4      | Gained mutation: You are robust. (+10% HP) [potion of
                  | mutation]
 67453 | D:4      | Gained mutation: You have sharp fingernails. [potion of
                  | mutation]
 68060 | Slime:1  | Entered Level 1 of the Pits of Slime
 68146 | Slime:1  | Gained mutation: You occasionally shout uncontrollably at
                  | your foes. [a shining eye]
 68187 | Slime:1  | Gained mutation: You are clumsy. (Dex -2) [a shining eye]
 69353 | Pan      | Entered Pandemonium
 69617 | Pan      | Reached skill level 24 in Spellcasting
 70382 | Pan      | Identified the +8 triple crossbow "Ruymameg" {elec, rPois
                  | rF+ SInv Stlth+}
 70393 | Pan      | Identified the +1 quarterstaff "Reanaub" {flame, Fragile
                  | +Blink SInv}
 70402 | Pan      | Gained mutation: Your body sometimes deteriorates upon
                  | taking damage. [a cacodemon]
 70505 | Pan      | Noticed Okir the pandemonium lord
 71047 | Pan      | Found an exit through the horrors of the Abyss.
 71246 | Pan      | Killed Okir the pandemonium lord
 71478 | Pan      | Learned a level 8 spell: Lehudib's Crystal Spear
 71677 | Pan      | Gained mutation: You are very robust. (+20% HP) [a
                  | cacodemon]
 71760 | Pan      | Gained mutation: Your spells are a little easier to cast,
                  | but a little less powerful. [a neqoxec]
 71888 | Pan      | Found an exit through the horrors of the Abyss.
 72216 | Pan      | Found a huge runed translucent gate.
 72218 | Pan      | Found a huge runed translucent gate.
 72219 | Pan      | Found a huge runed translucent gate.
 72220 | Pan      | Found a huge runed translucent gate.
 72220 | Pan      | Found a huge runed translucent gate.
 72674 | Pan      | Found a huge runed translucent gate.
 72674 | Pan      | Found a huge runed translucent gate.
 72683 | Pan      | Noticed Mogautakh the pandemonium lord
 72712 | Pan      | Killed Mogautakh the pandemonium lord
 72919 | Pan      | Gained mutation: You are dopey. (Int -2) [a cacodemon]
 73079 | Pan      | Gained mutation: You are very dopey. (Int -4) [a neqoxec]
 73092 | Pan      | Reached skill level 25 in Spellcasting
 73207 | Pan      | Noticed Fusyta the pandemonium lord
 73216 | Pan      | Killed Fusyta the pandemonium lord
 73340 | Pan      | Gained mutation: You sometimes lose the ability to read
                  | scrolls when taking damage. [a neqoxec]
 73646 | Pan      | Lost mutation: You are very robust. (+20% HP) [a neqoxec]
 73656 | Pan      | Gained mutation: Your spells are easier to cast, but less
                  | powerful. [a neqoxec]
 73779 | Pan      | Found an exit through the horrors of the Abyss.
 74138 | Pan      | Got a demonic rune of Zot
 74455 | Pan      | Noticed Adergh the pandemonium lord
 74460 | Pan      | Gained mutation: Your magical capacity is low. (-10% MP) [a
                  | cacodemon]
 74465 | Pan      | Killed Adergh the pandemonium lord
 74482 | Pan      | Gained mutation: You do not regenerate when monsters are
                  | visible. [a neqoxec]
 74957 | Pan      | Lost mutation: You are robust. (+10% HP) [a neqoxec]
 75268 | Pan      | Gained mutation: You are very clumsy. (Dex -4) [a neqoxec]
 75605 | Pan      | Gained mutation: Potions are less effective at restoring
                  | your health. [a neqoxec]
 75732 | Pan      | Found an exit through the horrors of the Abyss.
 76444 | Pan      | Reached skill level 26 in Spellcasting
 77893 | Pan      | Took an exit into the Abyss.
 77893 | Abyss:1  | Escaped into the Abyss
 77893 | Abyss:1  | Found a corrupted altar of Lugonu.
 78062 | Abyss:1  | Gained mutation: Your magical capacity is very low. (-20%
                  | MP) [a neqoxec]
 78109 | Abyss:1  | Found a corrupted altar of Lugonu.
 78237 | Depths:3 | Escaped the Abyss
 78548 | D:4      | Fell from the grace of Gozag
 78548 | D:4      | Became a worshipper of Zin the Law-Giver
 78548 | D:4      | Reached * piety under Zin
 78548 | D:4      | Reached ** piety under Zin
 78548 | D:4      | Was placed under penance by Zin
 78946 | Pan      | Entered Pandemonium
 78952 | Pan      | Was forgiven by Zin
 79780 | Pan      | Reached *** piety under Zin
 80239 | Pan      | Noticed Coufix the pandemonium lord
 80536 | Pan      | Killed Coufix the pandemonium lord
 80575 | Pan      | HP: 14/285 [acid[a torturous corrupter] (6)]
 80580 | Pan      | HP: 8/285 [guardian serpent/bolt of poison[a torturous
                  | corrupter] (4)]
 80796 | Pan      | Reached **** piety under Zin
 81088 | Pan      | Cast into level 3 of the Abyss (reaper)
 81090 | Abyss:3  | Found a hide-covered altar of Uskayaw.
 81116 | Abyss:3  | Paralysed by accursed screaming for 1 turns
 81176 | Abyss:3  | Found a hide-covered altar of Uskayaw.
 81223 | Abyss:3  | Noticed a dread lich
 81226 | Abyss:3  | Killed a dread lich
 81233 | Abyss:3  | Got an abyssal rune of Zot
 81234 | Abyss:3  | Paralysed by accursed screaming for 1 turns
 81250 | Abyss:3  | Found a corrupted altar of Lugonu.
 81271 | Pan      | Escaped the Abyss
 81275 | Pan      | HP: 12/285 [reaper/+1 scythe of distortion (6)]
 81275 | Pan      | Slain by a reaper

Illustrated notes

Levels and vault maps discovered:
D:1:      dpeg_arrival_rhombus, layout_basic
D:2:      layout_rooms, serial_aquarium, aquarium_bridge_straight
          [aquarium_subvault_bridge, aquarium_subvault_wall,
          aquarium_subvault_bridge, aquarium_subvault_window],
          aquarium_window_corner, aquarium_window_2, aquarium_window_1,
          aquarium_window_fake, aquarium_view_2g, aquarium_view_4,
          shapermc_ecumenical_altar_notcrosses
D:3:      layout_loops_cross, uniq_terence
D:4:      layout_basic, kennysheep_little_box, lemuel_doored_altar,
          lemuel_round_altar, nicolae_ossuary_entry_catacombs
D:5:      layout_loops_corners, brannock_xom_greatest_gift,
          lemuel_coloured_pillars_altar, serial_shops, shop,
          ebering_ghost_sewer_d, kennysheep_generic_room_10
D:6:      layout_basic, columned_hall_lemuel
D:7:      layout_gridville, minmay_temple_entry_slanted, minmay_strange_pillars,
          minmay_crystal_water, minmay_bent
D:8:      layout_loops_ring, tso_oasis_becter, lemuel_crystal_altar,
          amcnicky_altar_gilded, kennysheep_orc_sif_temple, gammafunk_ghost_icy,
          uniq_joseph
D:9:      minmay_the_grid_net [minmay_the_grid_paths,
          minmay_the_grid_pillar_ring, minmay_the_grid_outer_diamond,
          minmay_the_grid_minigrid_small, minmay_the_grid_armoury,
          minmay_the_grid_prize_big_room], layout_loops_ring, dpeg_oklobed_lair,
          uniq_pikel
D:10:     layout_cave_pools, uniq_sonja
D:11:     layout_roguey, zombieorc2_lemuel, serial_bayou_lake_a, uniq_gastronok
D:12:     layout_rooms, minmay_radiant
D:13:     layout_cave_pools, ximxim_vaults_locker_room, serial_shops, shop,
          shop, shop_fountains
D:14:     layout_roguey, minmay_misc_feat_rows, minmay_misc_feat_room
D:15:     hangedman_depths_entry_try_elsewhere_first, layout_loops_corners,
          serial_shops, shop
Lair:1:   layout_long_grid, serial_bayou_shore_a
Lair:2:   layout_big_grid, skrybe_swamp_entry_bodies
Lair:3:   layout_cave_pods
Lair:4:   layout_gridlike, guppyfry_snake_entry_island, serial_bayou_lagoon_a,
          minmay_lair_oklob_chamber
Lair:5:   layout_regular_city, minmay_slime_entry_eyes
Lair:6:   evilmike_catoblepas_cave, layout_long_grid, grunt_megastairs_2,
          uniq_snorg
Swamp:1:  layout_basic_swamp, ebering_ghost_disaster_area, serial_swamp_ruin,
          evilmike_swamp_ruin_house_4, evilmike_swamp_ruin_wall
Swamp:2:  layout_basic_swamp, hangedman_swamp_ruin_wall
Swamp:3:  layout_basic_swamp, evilmike_swamp_ruin_house_2, uniq_bai_suzhen
Swamp:4:  swamp_pestilence, layout_basic_swamp, swamp_pool5, lightli_tree_ring
Snake:1:  layout_onion, serial_shops, shop, shop_statue,
          nicolae_shop_statue_plus, shop, nicolae_snake_squiggles, uniq_aizul
Snake:2:  layout_rooms, minmay_shop_grove, uniq_kirke, uniq_vashnia
Snake:3:  layout_grid_maze, uniq_louise
Snake:4:  grunt_snake_rune_spirals, layout_onion_interference,
          grunt_ministairs_8, st_stairs_13, serial_bayou_shore_b
Slime:1:  layout_caves
Orc:1:    layout_caves, enter_volcano_2
Orc:2:    st_orc_elflike, layout_diamond_mine
Elf:1:    layout_loops_corners, serial_shops, shop_scrolls,
          minmay_elf_necromancy, eino_tiny_chamber, minmay_fountain_box
Elf:2:    layout_geoelf_grid, serial_shops, shop
Elf:3:    minmay_elf_hall_x, layout_geoelf_castle
Vaults:1: vaults_mumra_lcd, v_alt_pattern_2, vaults_mumra_hex,
          hangedman_vaults_slice, hangedman_vaults_pinch, vaults_room_door_hall,
          vaults_mumra_bighexcomb, serial_ice_m, layout_vaults_big_room,
          serial_shops, shop
Vaults:2: gammafunk_vaults_ghost_grave, nicolae_vaults_minivaults,
          nicolae_vaults_twisting_passages, ontoclasm_vaults_misaligned,
          nicolae_vaults_diagonal_hallway_8, nicolae_vaults_little_squares_4,
          nicolae_vaults_little_squares_1, v_misc_18, v_misc_31,
          v_alt_pattern_1, v_pattern_1, ontoclasm_vaults_decontamination,
          layout_vaults_ring
Vaults:3: minmay_crypt_entry_simple_corners, vaults_room_pools,
          nicolae_vaults_inception_scallops, vaults_room_boxed, v_misc_13,
          grunt_vaults_twisty, vaults_room_hallway, vaults_dpeg_hooks,
          vaults_dpeg_diagonal, layout_vaults_quadrants, serial_shops,
          statue_bzr
Vaults:4: vaults_mumra_minichess, nicolae_vaults_little_squares_5,
          nicolae_vaults_three_branches, nicolae_vaults_big_angled_halls,
          grunt_vaults_trifunnel, vaults_standard_mumra_enter_the_diamond,
          st_eye, vaults_dpeg_cross, vaults_room_hallway, v_misc_27,
          v_pattern_4, layout_vaults_omnibox, enter_trove_0, uniq_saint_roka
Vaults:5
Crypt:1:  layout_chaotic_city, grunt_crypt_arrival_webbed
Crypt:2:  layout_gridlike, uniq_boris
Crypt:3:  due_elkab, layout_chaotic_city, serial_sigils_hangedman_gut,
          uniq_xtahua
Depths:1: layout_honeycomb, hell_entry, minmay_evil_grid, uniq_mara, uniq_nikola
Depths:2: minmay_bad_star, layout_basic, nrook_uturn, grunt_hell_horde
Depths:3: nzn_winding_woodlands_stair_trap [nzn_winding_woodlands_5x15_crooked,
          nzn_winding_woodlands_5x15_sidewinder,
          nzn_winding_woodlands_5x15_zeroes,
          nzn_winding_woodlands_15x15_thick_spiral,
          nzn_winding_woodlands_5x15_pockets, nzn_winding_woodlands_5x15_cabin,
          nzn_winding_woodlands_5x15_eye], layout_basic,
          kennysheep_small_spiral, hell_entry, pan_entry
Depths:4: grunt_forest_end_winery, layout_basic, enter_ziggurat_c,
          hangedman_coc_ice_floe, hangedman_glass_teeth,
          hangedman_abyss_entry_splay, infiniplex_staircase_pillars_1
Depths:5: evilmike_zot_entry_gauntlet, layout_twisted_cross, hell_entry,
          nicolae_wwwww
Hell
Geh:1:    layout_gehenna_pools_box
Geh:2:    layout_gehenna_pools_box
Pan:      evilmike_mini_pan_pillars, layout_rooms, evilmike_mini_pan_corridor,
          layout_gridlike, nicolae_pan_gloorx_vloqian_3, nicolae_pan_giant_door,
          layout_cellular_growth, evilmike_mini_pan_V, layout_chambers,
          pan_blood_fountain, nicolae_pan_mnolegish_1, evilmike_mini_pan_3x3,
          layout_irregular_city, pan_blood_fountain_2, nicolae_pan_sigil_itan,
          evilmike_mini_pan_pillars, layout_chambers, rand_demon_5,
          layout_gridville, evilmike_mini_pan_V, layout_cellular_growth

Skill      XL: |  1  2  3  4  5  6  7  8  9 10 11 12 13 14 15 16 17 18 19 20 21 22 23 24 25 26 27 |
---------------+----------------------------------------------------------------------------------+-----
Conjurations   | 1 2 3 4 6 8 9 10 12 14 15 | 15.0
Spellcasting   | 3 4 5 6 8 10 13 15 16 17 18 19 20 21 22 26 | 26.9
Fighting       | 4 8 9 12 13 14 15 16 17 24 | 24.3
Shields        | 1 9 |  9.0
Axes           | 6 9 11 13 14 15 16 17 18 | 18.0
Earth Magic    | 5 8 11 12 13 14 15 17 18 19 23 | 23.0
Dodging        | 4 6 7 9 10 11 12 | 12.0
Stealth        | |  3.0
Transmutations | |  1.0
Poison Magic   | |  4.0

Action                   |  1- 3 |  4- 6 |  7- 9 | 10-12 | 13-15 | 16-18 | 19-21 | 22-24 | 25-27 || total
-------------------------+-------+-------+-------+-------+-------+-------+-------+-------+-------++-------
Melee: Unarmed           |     1 |       |       |       |       |       |       |       |       ||     1
       Short sword       |     6 |    62 |   100 |   322 |   182 |       |       |       |       ||   672
       Constrict         |       |       |       |       |    35 |    84 |    74 |   128 |   332 ||   653
       Broad axe         |       |       |       |       |     6 |   369 |   392 |   867 |  2428 ||  4062
 Fire: Hunting sling     |       |    11 |       |       |   387 |       |       |       |       ||   398
Throw: Stone             |     8 |     1 |     9 |    14 |    10 |     6 |       |     1 |     2 ||    51
 Cast: Sting             |    28 |    38 |    34 |    13 |    11 |       |       |       |       ||   124
       Mephitic Cloud    |       |    10 |    39 |   109 |   155 |     9 |     5 |    10 |     2 ||   339
       Ignite Poison     |       |     4 |    32 |    84 |   122 |     8 |     4 |     7 |     1 ||   262
       Stone Arrow       |       |       |       |       |   191 |     3 |       |       |       ||   194
       Orb of Destructio |       |       |       |       |    27 |   362 |   321 |   195 |   626 ||  1531
       Irradiate         |       |       |       |       |       |    13 |    52 |    62 |   100 ||   227
       Iron Shot         |       |       |       |       |       |     4 |    16 |    10 |     4 ||    34
       Blink             |       |       |       |       |       |     1 |       |       |     8 ||     9
       Statue Form       |       |       |       |       |       |       |    11 |    30 |    62 ||   103
       Sticky Flame      |       |       |       |       |       |       |       |     4 |       ||     4
       Shatter           |       |       |       |       |       |       |       |       |    87 ||    87
       Lehudib's Crystal |       |       |       |       |       |       |       |       |    13 ||    13
Invok: Call Merchant     |       |       |       |     1 |     5 |     1 |     3 |     1 |     3 ||    14
       Donate Gold       |       |       |       |       |       |       |       |       |     1 ||     1
 Abil: Spit Poison       |    36 |    34 |    55 |    57 |    35 |     3 |     1 |     3 |     8 ||   232
Evoke: Wand              |       |       |       |     5 |     7 |       |     3 |     1 |       ||    16
       Lightning rod     |       |       |       |       |     9 |       |       |       |    11 ||    20
       Condenser vane    |       |       |       |       |       |       |       |       |     1 ||     1
       Phantom mirror    |       |       |       |       |       |       |       |       |     3 ||     3
  Use: Scroll            |     2 |     2 |     4 |    13 |    10 |     7 |    22 |       |    17 ||    77
       Potion            |       |     4 |       |     1 |     1 |       |     5 |       |    29 ||    40
 Stab: Sleeping          |       |       |     1 |       |       |     2 |     3 |    11 |     7 ||    24
       Confused          |       |       |     1 |    10 |     2 |     3 |     1 |     4 |       ||    21
       Distracted        |       |       |       |     2 |     1 |     1 |     5 |     7 |    22 ||    38
Armor: Robe              |     4 |    44 |    66 |   140 |   175 |   195 |   215 |   215 |   926 ||  1980
       Skin              |       |       |       |       |       |       |    49 |   287 |   921 ||  1257
Dodge: Dodged            |    17 |    32 |    45 |   235 |   216 |   285 |   253 |   385 |  1214 ||  2682
Block: Kite shield       |       |       |       |       |    52 |   355 |   302 |   436 |  1535 ||  2680
       Reflection        |       |       |       |       |       |       |       |       |    10 ||    10

Table legend: (Time is in decaauts)
 A = Elapsed time spent in this place.
 B = Non-inter-level travel time spent in this place.
 C = Inter-level travel time spent in this place.
 D = Time resting spent in this place.
 E = Time spent auto-exploring this place.
 F = Levels seen in this place.
 G = Mean time per level.
                   A        B        C        D        E       F      G
               +--------+--------+--------+--------+--------+-----+--------+
         Total | 111455 |  98378 |  13077 |   9817 |  64500 |  64 | 1741.5 |
       Dungeon |  25514 |  18966 |   6548 |   1991 |  13125 |  15 | 1700.9 |
          Lair |  12596 |  10015 |   2581 |    803 |   6832 |   6 | 2099.3 |
         Swamp |   6264 |   5940 |    324 |    648 |   4135 |   4 | 1566.0 |
     Snake Pit |   8394 |   7964 |    430 |    966 |   5079 |   4 | 2098.5 |
    Slime Pits |   1518 |   1478 |     40 |      0 |   1249 |   1 | 1518.0 |
  Orcish Mines |   2618 |   2405 |    213 |    291 |   1276 |   2 | 1309.0 |
   Elven Halls |   5493 |   5153 |    340 |    645 |   3506 |   3 | 1831.0 |
        Vaults |  10870 |   9745 |   1125 |    713 |   6654 |   5 | 2174.0 |
         Crypt |   4871 |   4712 |    159 |    120 |   3259 |   3 | 1623.7 |
        Depths |  11898 |  10730 |   1168 |   1457 |   7092 |   5 | 2379.6 |
          Hell |   1736 |   1655 |     81 |    334 |    919 |   1 | 1736.0 |
       Gehenna |   3133 |   3069 |     64 |     49 |   1574 |   2 | 1566.5 |
         Abyss |    657 |    657 |      0 |      0 |     71 |   2 |  328.5 |
   Pandemonium |  14764 |  14764 |      0 |   1549 |   9143 |   8 | 1845.5 |
        Bazaar |    100 |    100 |      0 |      0 |     84 |   1 |  100.0 |
       Ossuary |     33 |     33 |      0 |     21 |      0 |   1 |   33.0 |
       Volcano |    987 |    987 |      0 |    226 |    493 |   1 |  987.0 |
               +--------+--------+--------+--------+--------+-----+--------+

Top non-repeatable levels by time:
 Snake:4: 3669 daAuts
Depths:1: 3455 daAuts
     D:9: 3026 daAuts
Vaults:4: 2718 daAuts
    D:15: 2699 daAuts
Depths:2: 2615 daAuts
    D:11: 2479 daAuts
  Lair:3: 2458 daAuts
 Crypt:3: 2430 daAuts
   Elf:3: 2381 daAuts
  Lair:1: 2355 daAuts
 Swamp:4: 2306 daAuts
Vaults:2: 2297 daAuts
Depths:3: 2264 daAuts
Vaults:3: 2249 daAuts
